 Dungeon Crawl Stone Soup version 0.31.0-12-g77e489cdc1 (webtiles) character file.

Game seed: 9867272674330561608

93 Gadfly the Covered (level 4, -5/28 HPs)
             Began as a Gargoyle Fighter on Mar 3, 2024.
             Slain by a gnoll sergeant
             ... wielding a +0 trident
              (7 damage)
             ... on level 2 of the Dungeon.
             The game lasted 00:02:07 (1423 turns).

Gadfly the Covered (Gargoyle Fighter)               Turns: 1423, Time: 00:02:08

Health: -5/28      AC: 11    Str: 20    XL:     4   Next: 61%
Magic:  5/5        EV:  9    Int:  8    God:
Gold:   47         SH:  4    Dex: 11    Spells: 3/3 levels left

rFire   . . .        b - +0 short sword (venom)
rCold   . . .        c - +0 buckler
rNeg    + . .        g - +0 scale mail
rPois   ∞            h - +1 hat
rElec   +            i - scarf {harm}
rCorr   .            (no gloves)
SInv    .            (no boots)
Will    .....        (no amulet) Stlth
                     (no ring)
HPRegen 0.24/turn    (no ring)
MPRegen 0.09/turn

%: harm (+30% outgoing, +20% incoming)
@: no status effects
A: sickness immunity, AC +3, negative energy resistance 1, electricity
resistance, torment resistance 1, petrification resistance
a: no special abilities


You were on level 2 of the Dungeon.
You visited 1 branch of the dungeon, and saw 2 of its levels.

You collected 47 gold pieces.

Inventory:

Hand Weapons
 a - a +0 flail
 b - a +0 short sword of venom (weapon)
 p - a +0 hand axe of freezing
 q - the +4 hand axe "Weaplawn" {flame, Str+4 Dex+3}
   (You found it on level 2 of the Dungeon)

   Str+4:     It affects your strength (+4).
   Dex+3:     It affects your dexterity (+3).
Armour
 c - a +0 buckler (worn)
 g - a +0 scale mail (worn)
 h - a +1 hat (worn)
 i - a scarf of harm (worn)
Scrolls
 j - a scroll of torment {unknown}
 k - 2 scrolls of teleportation {unknown}
 m - a scroll of fog {unknown}
 n - a scroll of noise {unknown}
 o - a scroll of fear {unknown}
Potions
 d - a potion of might
 f - a potion of haste {unknown}
 l - a potion of cancellation {unknown}


   Skills:
 + Level 3.5 Fighting
 * Level 2.8 Maces & Flails
 + Level 3.7 Armour
 + Level 3.6 Shields
 * Level 1.8 Invocations
 * Level 1.3 Evocations


You had 3 spell levels left.
You didn't know any spells.
Your spell library was empty.

Dungeon Overview and Level Annotations

Branches:
Dungeon (2/15)

Altars:
Fedhas


Innate Abilities, Weirdness & Mutations

You are immune to sickness and miasma.
Your stone body is resilient. (AC +3)
You are immune to poison.
You resist negative energy. (rN+)
You are resistant to electric shocks. (rElec)
You are resistant to unholy torment.
You are immune to petrification.


Message History

Found the +5 woodcutter's axe.
Found a hand axe.
You see here the +4 hand axe "Weaplawn" {flame, Str+4 Dex+3}.
q - the +4 hand axe "Weaplawn" {flame, Str+4 Dex+3} You block the gnoll's attack.
The gnoll sergeant hits you from afar with a +0 trident.
The gnoll attacks as it pursues you! The gnoll barely misses you.
The gnoll sergeant attacks as it pursues you!
The gnoll sergeant hits you from afar with a +0 trident!
The gnoll sergeant attacks as it pursues you!
The gnoll sergeant hits you but does no damage.
The gnoll attacks as it pursues you! The gnoll barely misses you.
The gnoll attacks as it pursues you! The gnoll closely misses you.
You barely miss the gnoll. You block the gnoll's attack.
You hit the gnoll.
The gnoll is moderately wounded.
The gnoll sergeant hits you but does no damage.
The gnoll closely misses you.
You closely miss the gnoll.
The gnoll is moderately wounded.
You block the gnoll sergeant's attack. The gnoll hits you but does no damage.
You barely miss the gnoll.
The gnoll is moderately wounded.
The gnoll hits you but does no damage.
The gnoll sergeant hits you but does no damage.
You hit the gnoll.
The gnoll is poisoned.
The gnoll is moderately wounded.
The gnoll hits you with a +0 flail!
* * * LOW HITPOINT WARNING * * *
You block the gnoll sergeant's attack.
You are too injured to fight recklessly!
You hit the gnoll.
The gnoll is severely wounded.
You block the gnoll's attack.
The gnoll sergeant hits you from afar with a +0 trident.
* * * LOW HITPOINT WARNING * * *
It was a potion of magic.
Magic courses through your body. The gnoll closely misses you.
The gnoll sergeant hits you from afar with a +0 trident.
You die...

#..........###....#
#..........# #....#
#..........# ###### ###
#..........# ♣♣♣♣ #..
#..........# ♣).. ♣ ###
##.........## ♣♣♣..# ####..
#.........##♣♣♣....#...####
##.######)##♣♣...♣..#...# ##
#..# #.)@ggg.....'..). #.
##†)## ####♣♣....♣.#...# ##
##8..8## ♣♣♣....#.. #.
#...>..# ####♣♣♣..# ###
#...†..# #..## ♣...) #..
##8..8########...## ♣♣♣♣♣###.
##..##...........#########.#.
#.................##......#.
####.....)....######......#.


You could see a gnoll sergeant and 2 gnolls.

Vanquished Creatures
  2 gnolls (D:2)
  4 dart slugs
  2 ribbon worms
  6 endoplasms (D:1)
  7 giant cockroaches (D:1)
  4 goblins
  2 hobgoblins
  7 jackals
  4 ball pythons
  3 bats
  3 frilled lizards
  5 kobolds
  9 rats
58 creatures vanquished.

Notes
Turn   | Place    | Note
-------+----------+-------------------------------------------
     0 | D:1      | Gadfly the Gargoyle Fighter began the quest for the Orb.
     0 | D:1      | Reached XP level 1. HP: 14/14 MP: 1/1
     1 | D:1      | Found a runed translucent door.
   127 | D:1      | Reached XP level 2. HP: 17/19 MP: 2/2
   320 | D:1      | Reached skill level 1 in Invocations
   401 | D:1      | Reached XP level 3. HP: 23/23 MP: 3/3
   406 | D:1      | Reached skill level 1 in Evocations
   824 | D:2      | Reached XP level 4. HP: 28/28 MP: 5/5
   864 | D:2      | Found a blossoming altar of Fedhas.
  1406 | D:2      | Noticed a gnoll sergeant
  1407 | D:2      | Found the +5 woodcutter's axe
  1409 | D:2      | Identified the +4 hand axe "Weaplawn" {flame, Str+4 Dex+3}
  1422 | D:2      | HP: 1/28 [gnoll sergeant/+0 trident (6)]
  1423 | D:2      | Slain by a gnoll sergeant

Illustrated notes

Levels and vault maps discovered:
D:1:      dpeg_arrival_caged_fury, layout_basic, nicolae_figureground_sparkle
D:2:      layout_basic, basic_altar, st_stairs_6, minmay_misc_feat_chi,
          pf_guarded_unrand_woodcutter

Skill      XL: |  1  2  3 |
---------------+----------+-----
Invocations    | 1 |  1.8
Evocations     | 1 |  1.3
Fighting       | |  3.5
Maces & Flails | |  2.8
Armour         | |  3.7
Shields        | |  3.6

Action                     |  1- 3 |  4- 6 || total
---------------------------+-------+-------++-------
  Melee: Flail             |    40 |       ||    40
         Short sword       |    78 |    57 ||   135
    Use: Scroll            |     1 |       ||     1
         Potion            |       |     1 ||     1
 Armour: Scale mail        |    90 |    43 ||   133
  Dodge: Dodged            |    61 |    25 ||    86
  Block: Buckler           |    23 |    10 ||    33
